 Dungeon Crawl Stone Soup version 0.28.0-45-g0d030f2227 (webtiles) character file.

Game seed: 15621454733076988015

48922 pkoi the Destroyer (level 13, 0/99 HPs)
             Began as a Demigod Conjurer on Apr 5, 2022.
             Killed by the air
             ... invoked by a wind drake
              (18 damage)
             ... on level 6 of the Lair of Beasts.
             The game lasted 00:51:38 (23994 turns).

pkoi the Destroyer (Demigod Conjurer)              Turns: 23994, Time: 00:51:38

Health: 0/99       AC:  9    Str:  8    XL:     13   Next: 78%
Magic:  29/32      EV: 17    Int: 36    God:
Gold:   1268       SH:  0    Dex: 12    Spells: 4/33 levels left

rFire   . . .      SeeInvis .   s - staff of conjuration
rCold   . . .      Faith    .   (no shield)
rNeg    . . .      Spirit   .   x - +0 leather armour {rPois}
rPois   +          Reflect  .   b - +1 hat
rElec   +          Harm     +   z - scarf {harm}
rCorr   .          Rampage  .   M - +0 pair of gloves
Will    +....                   (no boots)
Stlth   ++........              p - amulet of magic regeneration
HPRegen 0.26/turn               H - +4 ring of protection
MPRegen 0.63/turn               o - ring of Jakkimon {rElec EV+4 Slay+2}

@: slowed, very slow
A: high MP 1, forlorn, divine attributes
a: no special abilities


You were on level 6 of the Lair of Beasts.
You visited 3 branches of the dungeon, and saw 18 of its levels.
You also visited: Bailey.

You collected 1268 gold pieces.

Inventory:

Hand Weapons
 E - a +4 spectral quarterstaff
Missiles
 y - 16 poisoned darts
 C - 3 throwing nets
 F - 5 curare-tipped darts
Armour
 b - a +1 hat (worn)
 x - a +0 leather armour of poison resistance (worn)
 z - a scarf of harm (worn)
 M - a +0 pair of gloves (worn)
Magical Staves
 s - a staff of conjuration (weapon)
Jewellery
 g - an amulet of reflection
 l - a ring of fire
 o - the ring of Jakkimon (right hand) {rElec EV+4 Slay+2}
   (You took it off a gnoll on level 5 of the Dungeon)

   [ring of evasion]

   EV:        It affects your evasion (+4).
   Slay:      It affects your accuracy & damage with ranged weapons and melee
   (+2).
   rElec:     It insulates you from electricity.
 p - an amulet of magic regeneration (around neck)
 H - a +4 ring of protection (left hand)
 J - a ring of flight
 N - a ring of resist corrosion
 O - a ring of fire
 P - a ring of wizardry
Wands
 a - a wand of mindburst (13)
 t - a wand of iceblast (35)
 v - a wand of acid (16)
 A - a wand of digging (12)
 B - a wand of paralysis (17)
Scrolls
 d - 6 scrolls of fear
 e - 3 scrolls of identify
 j - 12 scrolls of teleportation
 m - 4 scrolls of enchant armour
 n - 2 scrolls of fog
 r - 5 scrolls of amnesia
 K - 2 scrolls of brand weapon
Potions
 c - 9 potions of curing
 f - 2 potions of might
 h - 2 potions of invisibility
 i - 2 potions of brilliance
 k - 5 potions of heal wounds
 u - 2 potions of haste
 w - 4 potions of berserk rage
 D - 2 potions of magic
 G - 4 potions of flight
 L - a potion of resistance


   Skills:
 - Level 4.4 Fighting
 - Level 4.3 Staves
 - Level 3.6 Armour
 - Level 4.9 Dodging
 - Level 1.7 Stealth
 + Level 10.6 Spellcasting
 + Level 13.3 Conjurations
 + Level 8.0 Hexes
 - Level 5.4 Translocations
 - Level 7.0 Air Magic
 - Level 4.3 Evocations


You had 4 spell levels left.
You knew the following spells:

 Your Spells              Type           Power      Damage    Failure   Level
a - Magic Dart            Conj           100%       1d8       0%          1
b - Searing Ray           Conj           100%       2d8       1%          2
c - Iskenderun's Mystic   Conj/Tloc      92%        2d18      1%          4
d - Fulminant Prism       Conj/Hex       48%        3d21      1%          4
e - Airstrike             Air            31%        N/A       1%          4
f - Apportation           Tloc           100%       N/A       1%          1
g - Conjure Ball Lightni  Conj/Air       47%        3x3d16    7%          6
h - Orb of Destruction    Conj           53%        9d13      11%         7

Your spell library contained the following spells:

 Spells                   Type           Power      Damage    Failure   Level
 Ensorcelled Hibernation  Hex/Ice        96%        N/A       1%          2
 Dazzling Flash           Conj/Hex       100%       N/A       1%          3
 Portal Projectile        Hex/Tloc       100%       N/A       1%          3
 Swiftness                Air            62%        N/A       1%          3
 Flame Wave               Conj/Fire      79%        2d14      1%          4
 Hailstorm                Conj/Ice       79%        3d16      1%          4
 Freeze                   Ice            76%        1d9       3%          1
 Passwall                 Tmut/Erth      15%        N/A       4%          2
 Scorch                   Fire           38%        2d7       4%          2
 Sublimation of Blood     Necr           19%        N/A       4%          2
 Wereblood                Tmut           19%        N/A       4%          2
 Summon Lightning Spire   Summ/Air       44%        N/A       8%          4
 Frozen Ramparts          Ice            38%        1d5       10%         3
 Ozocubu's Armour         Ice            19%        N/A       10%         3
 Iskenderun's Battlesphe  Conj           100%       2d15      1%          5
 Lightning Bolt           Conj/Air       47%        1d68      1%          5
 Fireball                 Conj/Fire      39%        3d16      5%          5
 Alistair's Intoxication  Tmut/Pois      12%        N/A       65%         5
 Blade Hands              Tmut           9%         N/A       65%         5
 Excruciating Wounds      Necr           9%         N/A       65%         5
 Summon Cactus Giant      Summ           9%         N/A       99%         6
 Ozocubu's Refrigeration  Ice            9%         4d6       100%        7
 Summon Hydra             Summ           9%         N/A       100%        7


Dungeon Overview and Level Annotations

Branches:
Dungeon (11/15)            Temple (1/1) D:5            Lair (6/6) D:10
  Swamp (0/4) Lair:3       Spider (0/4) Lair:4          Orc (0/2) D:11
 Bailey (visited)
  Slime: Lair:5-6

Shops:
D:1 [   D:9 *   D:10 (


Innate Abilities, Weirdness & Mutations

You have an increased reservoir of magic. (+10% MP)
You shall have no god before yourself.
Your divine heritage dramatically boosts your attributes as you level up.


Message History

Confirm with . or Enter, or press ? or * to list all spells.
You feel a surge of power!
You erupt in a blast of force!
The mystic blast hits the wind drake.
The wind drake is lightly wounded.
The wind drake is knocked back by the mystic blast.
The mystic blast hits the slime creature.
The slime creature is heavily wounded.
The slime creature is knocked back by the mystic blast.
The mystic blast hits the death yak!
The death yak is moderately wounded.
The death yak is knocked back by the mystic blast.
The mystic blast hits the komodo dragon!!
You kill the komodo dragon!
You hear a bellow!
The wind drake exhales a fierce blast of wind!
You are blown backwards!
Unknown command.
Unknown command.
You feel yourself speed up. The rime drake breathes ice at you.
The flash freeze hits you!
* * * LOW HITPOINT WARNING * * *
You are encased in ice.
The wind drake flaps its wings at you. The air twists around and strikes you!
* * * LOW HITPOINT WARNING * * *
Being near the torpor snail leaves you feeling lethargic.
The wind drake exhales a fierce blast of wind!
The death yak misses you. The wind drake flaps its wings at you.
The air twists around and strikes you!
* * * LOW HITPOINT WARNING * * *
The death yak misses you.
You see here 6 boomerangs.
The ice encasing you melts away. The slime creature hits you!
* * * LOW HITPOINT WARNING * * *
The wind drake flaps its wings at you. The air twists around and strikes you!
You die...

##.......#### #.......
####...........## ........
#...............# #.......
................# ........
................###.......
.............$.[.. #......
.................# #..Dl.<
........(YJ.......#.......
.......k†@..†.....##P#....
..........k....... # ####.
.................. #.
............w....F ##
...............P.P
...≈≈..≈≈.≈≈......
≈#≈.#≈≈≈≈≈P≈#≈≈≈#
#P≈≈≈≈P#≈≈≈#≈≈≈≈


You could see a death yak, a slime creature, a wind drake (repels missiles), a
torpor snail and a rime drake.

Vanquished Creatures
  Snorg (D:10)
  A boulder beetle (Lair:5)
  Harold (D:10)
  4 hydras
  A catoblepas (Lair:1)
  A death knight (D:11)
  2 two-headed ogres (D:10)
  Urug (D:10)
  9 death yaks
  The ghost of GilGalad the Covert, a novice OpFE of Sif Muna (D:8)
  A sea snake (Lair:5)
  A swamp dragon (Lair:3)
  The ghost of issech the Cudgeller, a novice TrMo (D:5)
  A deep elf pyromancer (D:7)
  2 orc knights (Bailey)
  Pikel (D:6)
  A manticore (D:10)
  A moth of wrath (D:8)
  Joseph (D:8)
  12 cane toads
  A gargoyle (D:10)
  A torpor snail (Lair:2)
  8 komodo dragons
  2 freezing wraiths (D:11)
  2 rime drakes
  The ghost of WaxSun the Ogre Mage, an amateur OgFE (D:4)
  A polar bear (Lair:2)
  A slime creature (Lair:6)
  16 blink frogs
  A snapping turtle (Lair:6)
  Sigmund (D:4)
  6 spriggans (Lair:1)
  A shadow (D:10)
  4 wyverns
  A wraith (D:7)
  41 yaks
  A basilisk (Lair:1)
  Grum (D:9)
  4 steam dragons
  3 redbacks (Lair:4)
  4 vampire mosquitoes (D:11)
  2 wargs (D:10)
  17 water moccasins
  4 ice beasts
  12 orc warriors
  3 ogres
  5 black bears
  17 wolves
  5 centaurs
  2 lemures (D:6)
  A phantom (D:6)
  A gnoll sergeant (D:6)
  19 bullfrogs
  A wyvern zombie (D:9)
  2 scorpions
  10 killer bees (D:9)
  6 wights
  2 howler monkeys
  A bullfrog zombie (D:6)
  4 quasits (D:5)
  4 centaur zombies
  2 jellies (Lair:6)
  A bullfrog skeleton (D:5)
  3 gnoll shamans
  5 orc priests
  7 hounds
  6 iguanas
  Crazy Yiuf (D:4)
  17 orc wizards
  13 hell rats
  A killer bee zombie (D:8)
  A howler monkey zombie (D:11)
  38 gnolls
  A howler monkey skeleton (D:7)
  6 adders
  2 shadow imps
  A white imp (D:6)
  2 ufetubi
  A dart slug (D:3)
  72 orcs
  3 endoplasms
  A giant cockroach (D:2)
  12 goblins
  5 hobgoblins
  13 jackals
  A quokka (D:4)
  3 ball pythons
  A bat (D:3)
  3 frilled lizards
  11 kobolds
  3 rats (D:2)
499 creatures vanquished.

Vanquished Creatures (others)
  154 fulminant prisms
  49 fungi
  71 plants
274 creatures vanquished.

Grand Total: 773 creatures vanquished

Notes
Turn   | Place    | Note
-------+----------+-------------------------------------------
     0 | D:1      | pkoi the Demigod Conjurer began the quest for the Orb.
     0 | D:1      | Reached XP level 1. HP: 14/14 MP: 5/5
   283 | D:1      | Found Deteeper's Armour Emporium.
   837 | D:2      | Reached XP level 2. HP: 20/20 MP: 4/7
   841 | D:2      | Reached skill level 4 in Conjurations
  1262 | D:2      | Learned a level 2 spell: Searing Ray
  1687 | D:3      | Reached XP level 3. HP: 26/26 MP: 3/9
  2089 | D:3      | Reached XP level 4. HP: 33/33 MP: 6/10
  2184 | D:3      | Learned a level 4 spell: Iskenderun's Mystic Blast
  2254 | D:3      | Reached skill level 5 in Conjurations
  2698 | D:2      | Reached skill level 1 in Translocations
  2698 | D:2      | Reached XP level 5. HP: 26/38 MP: 4/12
  3219 | D:4      | Noticed a black bear
  3258 | D:4      | Killed a black bear
  3259 | D:4      | Reached XP level 6. HP: 45/45 MP: 5/14
  3323 | D:4      | Learned a level 4 spell: Fulminant Prism
  3413 | D:4      | Noticed Sigmund
  3579 | D:5      | Entered Level 5 of the Dungeon
  3824 | D:5      | Reached skill level 6 in Conjurations
  3931 | D:5      | Reached skill level 1 in Hexes
  4095 | D:5      | Reached XP level 7. HP: 50/50 MP: 8/15
  4632 | D:5      | Identified the ring of Jakkimon {rElec EV+4 Slay+2}
  4703 | D:5      | Found a transporter.
  4768 | D:5      | Noticed issech's ghost (novice TrMo)
  4811 | D:5      | Found a transporter.
  5564 | D:5      | Found a staircase to the Ecumenical Temple.
  5697 | Temple   | Entered the Ecumenical Temple
  6060 | D:6      | Reached skill level 1 in Fighting
  6060 | D:6      | Reached skill level 1 in Staves
  6060 | D:6      | Reached skill level 1 in Evocations
  6278 | D:6      | Reached XP level 8. HP: 59/59 MP: 12/17
  6567 | D:6      | Reached skill level 7 in Conjurations
  6684 | D:6      | Noticed Pikel
  6722 | D:6      | Killed Pikel
  7229 | D:6      | Learned a level 4 spell: Airstrike
  8087 | D:7      | Reached skill level 1 in Armour
  8087 | D:7      | Reached skill level 1 in Air Magic
  8087 | D:7      | Reached XP level 9. HP: 68/68 MP: 12/18
  8732 | D:7      | Noticed a deep elf pyromancer
  8735 | D:7      | Killed a deep elf pyromancer
  9446 | D:4      | Killed Sigmund
  9589 | D:4      | Found a runed translucent door.
  9595 | D:4      | Noticed WaxSun's ghost (amateur OgFE)
 10487 | D:4      | Identified the +6 hunting sling "Orb Guardian's Curse"
                  | {venom, Drain rPois Dex+7}
 11230 | D:4      | Found a runed translucent door.
 11231 | D:4      | Noticed Crazy Yiuf
 11384 | D:4      | Killed Crazy Yiuf
 11515 | D:4      | Killed WaxSun's ghost
 12197 | D:8      | Reached XP level 10. HP: 55/76 MP: 14/19
 12255 | D:8      | Noticed Joseph
 12275 | D:8      | Killed Joseph
 12333 | D:8      | Found a flagged portal.
 12342 | Bailey   | Entered a bailey
 12485 | Bailey   | Noticed an orc knight
 12490 | Bailey   | Noticed an orc knight
 12512 | Bailey   | Identified the +3 plate armour of the Fifty Leylines
                  | {Dex+2}
 12515 | Bailey   | Learned a level 1 spell: Apportation
 12531 | Bailey   | Reached skill level 5 in Translocations
 12758 | Bailey   | Killed an orc knight
 12759 | Bailey   | Reached skill level 8 in Conjurations
 12782 | Bailey   | Killed an orc knight
 12960 | Bailey   | Identified the +3 fustibalus of the Wilderness {flame, rC++
                  | rN+++ Str-4 Stlth+}
 13293 | D:8      | Found a transporter.
 13303 | D:8      | Noticed a moth of wrath
 13312 | D:8      | Found a transporter.
 13497 | D:8      | Noticed GilGalad's ghost (novice OpFE)
 13696 | D:9      | Found Amest's General Store.
 13784 | D:9      | Noticed Grum
 13790 | D:9      | Killed Grum
 14043 | D:9      | Identified a scroll of acquirement
 14061 | D:9      | Acquired a book of the Spheres
 14729 | D:10     | Entered Level 10 of the Dungeon
 14758 | D:10     | Noticed Snorg
 14764 | D:10     | Killed Snorg
 14765 | D:10     | Reached XP level 11. HP: 85/85 MP: 7/22
 14796 | D:10     | Reached skill level 5 in Spellcasting
 15057 | D:10     | Found a staircase to the Lair.
 15076 | D:10     | Noticed Harold
 15088 | D:10     | Killed Harold
 15089 | D:10     | Reached skill level 9 in Conjurations
 15436 | D:10     | Found Tousueffo's Weapon Emporium.
 15445 | D:10     | Noticed Urug
 15454 | D:10     | Killed Urug
 15719 | D:10     | Noticed a two-headed ogre
 15722 | D:10     | Killed a two-headed ogre
 15723 | D:10     | Reached skill level 10 in Conjurations
 15729 | D:10     | Noticed a two-headed ogre
 15732 | D:10     | Killed a two-headed ogre
 16515 | D:11     | Found a staircase to the Orcish Mines.
 16580 | D:11     | Noticed a death knight
 16594 | D:11     | Killed a death knight
 17398 | D:5      | Killed issech's ghost
 17399 | D:5      | Reached skill level 11 in Conjurations
 17509 | D:8      | Killed GilGalad's ghost
 17510 | D:8      | Reached XP level 12. HP: 50/92 MP: 17/28
 17762 | Lair:1   | Entered Level 1 of the Lair of Beasts
 18772 | Lair:1   | Noticed a catoblepas
 18778 | Lair:1   | Killed a catoblepas
 18779 | Lair:1   | Reached skill level 5 in Air Magic
 18858 | Lair:1   | Noticed a seven-headed hydra
 18863 | Lair:1   | Killed a seven-headed hydra
 18928 | Lair:1   | Learned a level 6 spell: Conjure Ball Lightning
 19083 | Lair:2   | Reached skill level 5 in Hexes
 19342 | Lair:2   | Reached skill level 12 in Conjurations
 20121 | Lair:3   | Learned a level 7 spell: Orb of Destruction
 20222 | Lair:3   | Noticed a four-headed hydra
 20228 | Lair:3   | Killed a four-headed hydra
 20258 | Lair:3   | Reached XP level 13. HP: 86/99 MP: 11/31
 20519 | Lair:3   | You fall into a shaft and drop 2 floors!
 20888 | Lair:4   | Identified the +3 leather armour "Laitatt" {-Tele rC+ rCorr
                  | Slay+2}
 21141 | Lair:3   | Found a staircase to the Swamp.
 21744 | Lair:4   | Identified the +3 leather armour of the Guild-Master
                  | {Str+4}
 21848 | Lair:4   | Reached skill level 10 in Spellcasting
 21881 | Lair:4   | Found a hole to the Spider Nest.
 22977 | Lair:6   | Entered Level 6 of the Lair of Beasts
 22984 | Lair:6   | Reached skill level 13 in Conjurations
 23994 | Lair:6   | Killed from afar by a wind drake

Illustrated notes

Levels and vault maps discovered:
D:1:      mushboom_english_gardens, layout_basic, serial_shops, shop,
          minmay_misc_feat_nine_boxes, minmay_stone_trees_small, hex_medium,
          moated_statue
D:2:      layout_rooms, chequers_ecumenical_altar_simple, basic_altar
D:3:      layout_rooms, nicolae_overflow_crystal_walls, st_stairs_5,
          minmay_diced_spiral
D:4:      lemuel_castle_with_subvaults [lemuel_castle_interior_carwin_1],
          layout_basic, hellmonk_ghost_happy_afterlife, feat_on_display,
          uniq_crazy_yiuf_cottage, uniq_sigmund
D:5:      layout_layer_cave, temple_doors_e, gammafunk_ghost_stat_death,
          corner_web_ring, kennysheep_small_circle
D:6:      layout_cave_pods, cheibriados_altar_1, amcnicky_altar_gilded,
          uniq_pikel
D:7:      layout_loops_ring, lemuel_round_altar, minmay_small_thing
D:8:      layout_gridville, enter_bailey_6, gammafunk_ghost_berserking_beasts,
          uniq_joseph
D:9:      layout_basic, elyvilon_altar_5, chequers_temple_overflow_minitemple,
          serial_shops, shop_statue, kennysheep_potato, uniq_grum
D:10:     layout_roguey, lemuel_round_altar, erik_lair_orcish_takeover,
          serial_shops, nicolae_shop_advertising_works
          [nicolae_subvault_shop_adworks], uniq_snorg, uniq_urug, uniq_harold
D:11:     layout_small_grid, david_orc_5
Temple:   nicolae_temple_hex_pool
Lair:1:   layout_cave_pods, wad_woods_01
Lair:2:   layout_regular_city
Lair:3:   layout_loops_ring, minmay_swamp_entry_reptiles,
          grunt_forest_small_clearing_treed, grunt_megastairs_4
Lair:4:   layout_misc_corridors, spider_nest_entry_webs
Lair:5:   layout_regular_city
Lair:6:   gammafunk_lair_ancient_temple, layout_cave_pods,
          minmay_slime_entry_pillars, minmay_lair_oklob_items,
          lemuel_fruit_fields

Skill      XL: |  1  2  3  4  5  6  7  8  9 10 11 12 13 |
---------------+----------------------------------------+-----
Spellcasting   | 2 3 4 8 9 10 | 10.6
Conjurations   | 4 5 6 7 8 11 12 13 | 13.3
Translocations | 1 2 3 4 5 |  5.4
Hexes          | 1 2 3 4 6 8 |  8.0
Dodging        | 2 3 4 |  4.9
Fighting       | 1 2 3 4 |  4.4
Staves         | 1 2 3 4 |  4.3
Evocations     | 1 2 3 4 |  4.3
Armour         | 1 2 3 |  3.6
Air Magic      | 1 2 3 6 7 |  7.0
Stealth        | |  1.7

Action                   |  1- 3 |  4- 6 |  7- 9 | 10-12 | 13-15 || total
-------------------------+-------+-------+-------+-------+-------++-------
Melee: Dagger            |       |     2 |       |       |       ||     2
       Staff             |       |       |     2 |    11 |     2 ||    15
       Quarterstaff      |       |       |       |    12 |       ||    12
 Cast: Magic Dart        |    64 |    38 |   168 |    55 |    15 ||   340
       Searing Ray       |       |    16 |    30 |       |       ||    46
       Fulminant Prism   |       |       |    26 |    90 |    38 ||   154
       Iskenderun's Myst |       |       |    42 |   145 |    79 ||   266
       Apportation       |       |       |       |     2 |       ||     2
Evoke: Wand              |       |       |       |     2 |       ||     2
  Use: Scroll            |     9 |       |     7 |     8 |     3 ||    27
       Potion            |     4 |       |       |       |       ||     4
 Stab: Paralysed         |       |       |       |     5 |       ||     5
Armor: Robe              |     2 |     7 |     2 |       |       ||    11
       Leather armour    |       |       |     3 |     7 |     4 ||    14
Dodge: Dodged            |    11 |    19 |    47 |    67 |    20 ||   164
Block: Other             |     2 |     6 |    18 |     5 |       ||    31
       Reflection        |       |     1 |     2 |     3 |       ||     6
